AoeStats
← all muted

Lombardia

507348057Analyzed
4v4 RM · 15d ago on Sep 17, 2026· 89m 40s· 8 players
Game mode
Random Map
Map size
Large (8 player)
Population
200
Speed
Normal
Resources
Standard
Victory
Conquest
Starting age
Dark Age
Ending age
Imperial Age
RankedLock teamsTeams togetherTeam positionsShared explorationLock speedFull tech treeHidden civsTurbo modeCheats
Victory
Defeat
🇸🇪 Poles · Sweden
1037
+14
🇸🇪 Hindustanis · Sweden
955
+17
🇨🇭 Malay · Switzerland
926
+18
🇸🇪 Turks · Sweden
792
+23
🇭🇰 Italians · Hong Kong SAR China
1055
-21
🇧🇷 Burgundians · Brazil
975
-18
🇬🇧 Goths · United Kingdom
961
-18
🇫🇷 Byzantines · France
904
-15
Sye the Red Voice
0:29 Loom
14:41 Feudal Age
15:57 Wheelbarrow
15:09 Double-Bit Axe
15:09 Horse Collar
16:08 Gold Mining
16:12 Stone Mining
20:01 Man-at-Arms
26:34 Castle Age
26:44 Forging
26:34 Scale Mail Armor
27:33 Hand Cart
27:30 Bow Saw
27:22 Heavy Plow
28:01 Stone Shaft Mining
27:40 Long Swordsman
27:40 Pikeman
30:37 Iron Casting
30:33 Squires
32:42 Anarchy
32:52 Town Watch
34:22 Chain Mail Armor
40:12 Imperial Age
39:28 Caravan
41:52 Two-Man Saw
41:25 Crop Rotation
41:58 Blast Furnace
40:49 Fletching
40:59 Padded Archer Armor
40:22 Elite Huskarl
41:03 Perfusion
40:28 Halberdier
49:14 Bodkin Arrow
49:34 Leather Archer Armor
54:19 Murder Holes
54:35 Masonry
55:47 Ring Archer Armor
55:18 Bracer
75:36 Town Patrol
Rodorm
11:59 Feudal Age
13:13 Double-Bit Axe
19:44 Castle Age
17:29 Horse Collar
24:55 Bow Saw
25:46 Heavy Plow
26:44 Gold Mining
26:47 Loom
29:42 Forging
29:22 Fletching
30:13 Wheelbarrow
29:32 Stone Mining
30:22 Gold Shaft Mining
30:19 Husbandry
30:19 Pikeman
34:48 Imperial Age
35:02 Hand Cart
35:31 Halberdier
36:38 Ballistics
36:01 Treadmill Crane
37:23 Chemistry
36:19 Murder Holes
36:35 Fortified Wall
37:30 Chemistry
36:50 Ballistics
36:57 Conscription
38:10 Two-Man Saw
39:49 Stone Shaft Mining
40:05 Caravan
40:38 Heavy Camel Rider
42:00 Iron Casting
41:28 Squires
41:33 Murder Holes
44:07 Cavalier
50:18 Crop Rotation
49:44 Elite Cataphract
50:47 Logistica
51:45 Arson
60:09 Guard Tower
60:41 Man-at-Arms
61:07 Gambesons
61:21 Bodkin Arrow
63:41 Elite Skirmisher
64:26 Thumb Ring
71:24 Scale Barding Armor
71:22 Bracer
71:30 Scale Barding Armor
Will
4:01 Loom
10:07 Feudal Age
10:55 Double-Bit Axe
17:43 Castle Age
15:36 Horse Collar
19:04 Cavalier
19:44 Gold Mining
20:15 Forging
20:34 Husbandry
23:15 Bow Saw
24:39 Heavy Plow
27:07 Scale Barding Armor
28:51 Pikeman
29:32 Squires
30:10 Stone Mining
31:44 Crop Rotation
32:27 Burgundian Vineyards
33:31 Wheelbarrow
34:47 Iron Casting
36:25 Hand Cart
36:25 Arson
37:20 Chain Barding Armor
40:21 Two-Man Saw
41:42 Gold Shaft Mining
41:31 Scale Mail Armor
44:05 Imperial Age
42:58 Chain Mail Armor
44:50 Halberdier
44:53 Paladin
47:44 Conscription
48:02 Plate Mail Armor
48:34 Blast Furnace
48:10 Plate Barding Armor
54:16 Caravan
54:37 Guilds
DZZZ
0:34 Loom
10:52 Feudal Age
11:32 Double-Bit Axe
16:50 Castle Age
24:18 Fervor
24:48 Wheelbarrow
25:00 Bow Saw
32:05 Imperial Age
29:35 Treadmill Crane
30:16 Ballistics
29:51 Fletching
30:02 Padded Archer Armor
29:54 Pikeman
33:22 Squires
34:09 Guard Tower
34:48 Horse Collar
35:50 Conscription
36:16 Hand Cart
38:10 Elite Genoese Crossbowman
39:01 Bodkin Arrow
39:09 Gold Mining
39:14 Stone Mining
39:46 Guilds
40:53 Sanctity
41:20 Murder Holes
42:22 Bracer
42:38 Leather Archer Armor
42:24 Scale Mail Armor
42:35 Forging
44:09 Hoardings
45:05 Two-Man Saw
48:12 Caravan
50:34 Pirotechnia
50:45 Silk Road
52:56 Chemistry
52:31 Keep
51:42 Arrowslits
52:09 Fortified Wall
52:10 Masonry
52:33 Ring Archer Armor
53:20 Thumb Ring
52:36 Elite Skirmisher
53:03 Arson
53:30 Bloodlines
53:21 Husbandry
52:43 Light Cavalry
54:01 Stone Shaft Mining
54:21 Heavy Plow
55:36 Bombard Tower
58:07 Hussar
59:09 Chain Mail Armor
59:30 Iron Casting
59:00 Scale Barding Armor
59:33 Capped Ram
63:03 Architecture
70:52 Chain Barding Armor
71:54 Blast Furnace
snor
10:08 Feudal Age
20:59 Castle Age
19:38 Horse Collar
21:06 Double-Bit Axe
23:14 Husbandry
23:32 Bloodlines
24:01 Bow Saw
33:24 Heavy Plow
35:44 Wheelbarrow
34:55 Town Watch
35:42 Ballistics
38:48 Imperial Age
36:05 Town Watch
37:05 Coinage
36:52 Caravan
37:55 Hand Cart
37:37 Gold Mining
38:02 Scale Barding Armor
38:17 Forging
40:00 Gold Shaft Mining
39:38 Grand Trunk Road
40:18 Town Patrol
40:56 Banking
40:45 Scale Mail Armor
41:20 Iron Casting
41:03 Elite Ghulam
41:36 Heavy Camel Rider
42:40 Chain Mail Armor
43:39 Two-Man Saw
43:47 Chemistry
43:40 Thumb Ring
44:42 Blast Furnace
44:35 Conscription
44:31 Padded Archer Armor
44:22 Fletching
46:51 Fortified Wall
46:05 Imperial Camel Rider
48:52 Leather Archer Armor
48:32 Bodkin Arrow
48:58 Chain Barding Armor
53:53 Ring Archer Armor
53:24 Bracer
OpidilO WalkeR
6:52 Loom
9:48 Feudal Age
11:40 Double-Bit Axe
13:16 Forging
21:06 Castle Age
19:31 Horse Collar
19:43 Gold Mining
19:48 Stone Mining
22:16 Bow Saw
22:03 Gold Mining
22:36 Scale Barding Armor
23:07 Iron Casting
22:59 Bloodlines
24:37 Wheelbarrow
24:35 Szlachta Privileges
25:04 Husbandry
26:45 Chain Barding Armor
30:23 Heavy Plow
30:41 Fletching
36:47 Imperial Age
37:31 Cavalier
39:13 Blast Furnace
37:52 Capped Ram
38:56 Bodkin Arrow
39:39 Siege Ram
40:46 Ballistics
41:26 Chemistry
40:40 Fortified Wall
43:22 Stone Shaft Mining
44:27 Hand Cart
43:57 Town Watch
44:35 Masonry
45:39 Caravan
47:49 Crop Rotation
48:14 Conscription
48:30 Hoardings
48:08 Crossbowman
48:54 Thumb Ring
49:59 Bracer
49:41 Treadmill Crane
49:58 Murder Holes
50:04 Arbalester
50:48 Padded Archer Armor
51:22 Coinage
54:24 Elite Obuch
56:06 Lechitic Legacy
56:03 Leather Archer Armor
57:46 Banking
59:52 Light Cavalry
61:12 Winged Hussar
80:15 Siege Engineers
85:27 Arson
85:43 Squires
85:44 Scale Mail Armor
88:01 Spies/Treason
all muted
15:09 Feudal Age
16:35 Double-Bit Axe
16:44 Gold Mining
16:47 Stone Mining
16:44 Horse Collar
19:45 Wheelbarrow
18:55 Loom
18:56 Town Watch
25:06 Castle Age
24:27 Bloodlines
25:58 Bow Saw
26:27 Gold Shaft Mining
27:26 Squires
28:48 Heavy Plow
32:30 Fortified Wall
34:41 Hand Cart
40:14 Imperial Age
37:45 Town Patrol
40:34 Sipahi
43:28 Bombard Tower
43:20 Murder Holes
43:36 Masonry
43:10 Treadmill Crane
43:56 Ballistics
43:21 Heavy Camel Rider
43:21 Cavalier
44:02 Husbandry
44:18 Forging
44:08 Scale Mail Armor
44:14 Scale Barding Armor
43:59 Fletching
44:09 Padded Archer Armor
51:26 Iron Casting
51:06 Chain Mail Armor
51:12 Chain Barding Armor
50:47 Bodkin Arrow
51:07 Leather Archer Armor
55:29 Caravan
62:52 Hoardings
61:37 Elite Janissary
62:19 Artillery
62:41 Conscription
61:53 Sappers
67:47 Blast Furnace
67:17 Plate Mail Armor
67:22 Plate Barding Armor
66:48 Bracer
67:18 Ring Archer Armor
84:43 Architecture
84:00 Arrowslits
84:05 Guard Tower
84:06 Heated Shot
83:55 Heavy Cavalry Archer
85:01 Parthian Tactics
83:58 Crossbowman
84:44 Thumb Ring
86:41 Spies/Treason
87:13 Heavy Scorpion
87:14 Capped Ram
87:55 Arson
87:30 Man-at-Arms
Abraham Fistelquist
11:42 Feudal Age
12:19 Wheelbarrow
11:28 Horse Collar
11:36 Double-Bit Axe
23:47 Castle Age
24:04 Heavy Plow
24:16 Bow Saw
24:00 Stone Mining
24:02 Gold Mining
24:32 Hand Cart
28:21 Town Watch
30:23 Caravan
33:16 Imperial Age
31:11 Town Patrol
33:55 Conscription
33:53 Forging
35:27 Crop Rotation
36:42 Chemistry
39:08 Iron Casting
37:59 Elite Karambit Warrior
43:16 Blast Furnace
49:54 Arson
50:11 Squires
50:28 Man-at-Arms
50:30 Pikeman
51:17 Forced Levy
51:26 Forced Levy
51:41 Long Swordsman
52:52 Two-Handed Swordsman
57:47 Halberdier
78:20 Ballistics
78:21 Bombard Tower
Connection lost

Rejoining the realm…

Still unreachable

The connection could not be restored.

Session expired

The server has moved on; the page needs a fresh start.